 Dungeon Crawl Stone Soup version 0.29.1-2-gbd0b4ee654 (webtiles) character file.

Game seed: 13828673567074030217

5686 ndz the Fighter (level 10, -1/85 HPs)
             Began as a Gnoll Berserker on Oct 29, 2022.
             Was a Priest of Trog.
             Slain by a sun demon (19 damage)
             ... summoned by a kobold demonologist
             ... on level 7 of the Dungeon.
             The game lasted 00:51:57 (10868 turns).

ndz the Fighter (Gnoll Berserker)                  Turns: 10868, Time: 00:51:58

Health: -1/85      AC: 15    Str: 25    XL:     10   Next: 75%
Magic:  18/18      EV: 13    Int:  6    God:    Trog [***...]
Gold:   62         SH:  0    Dex: 14    Spells: 20/20 levels left

rFire   . . .      SeeInvis .   K - +7 war axe "Ridouf" {drain, Fly rCorr}
rCold   . . .      Faith    .   (no shield)
rNeg    . . .      Spirit   .   L - +0 scale mail
rPois   .          Reflect  .   b - +0 helmet
rElec   .          Harm     .   l - +1 cloak
rCorr   +          Rampage  .   (no gloves)
Will    ++...                   (no boots)
Stlth   ++........              r - amulet of the acrobat
HPRegen 1.24/turn               a - +4 ring of protection
MPRegen 0.16/turn               C - +6 ring of strength

@: strong-willed, flying, regenerating, studying Fighting
A: fangs 1, strong nose, distributed training
a: Renounce Religion, Berserk, Trog's Hand


You were on level 7 of the Dungeon.
You worshipped Trog.
Trog was most pleased with you.
You visited 1 branch of the dungeon, and saw 9 of its levels.

You collected 377 gold pieces.
You spent 315 gold pieces at shops.

Inventory:

Hand Weapons
 x - a +0 war axe
 K - the +7 war axe "Ridouf" (weapon) {drain, Fly rCorr}
   (You found it on level 6 of the Dungeon)

   A truly terrible weapon, it drains the life of any living foe it strikes.
   Fly:       It grants you flight.
   rCorr:     It protects you from acid and corrosion.
Missiles
 e - 49 stones
 n - 4 boomerangs
 o - 14 poisoned darts
 v - 4 javelins (quivered)
 y - a boomerang of dispersal
Armour
 b - a +0 helmet (worn)
 l - a +1 cloak (worn)
 G - a +0 ring mail of cold resistance
 L - a +0 scale mail (worn)
Jewellery
 a - a +4 ring of protection (left hand)
 r - an amulet of the acrobat (around neck)
 C - a +6 ring of strength (right hand)
 D - a +4 ring of protection
 H - a ring of see invisible
Scrolls
 g - a scroll of acquirement
 h - a scroll of immolation
 i - 4 scrolls of identify
 k - a scroll of enchant armour {unknown}
 m - a scroll of amnesia {unknown}
 p - a scroll of magic mapping
 q - a scroll of poison {unknown}
 s - a scroll of torment {unknown}
 w - a scroll of vulnerability
 B - a scroll of butterflies
 E - a scroll of blinking
 F - a scroll of noise {unknown}
 M - a scroll of enchant weapon
 N - a scroll of teleportation
Potions
 c - a potion of brilliance {unknown}
 d - 2 potions of heal wounds
 f - 2 potions of curing
 j - a potion of haste
 t - a potion of lignification
 u - a potion of resistance {unknown}
 z - a potion of might {unknown}
 A - a potion of flight {unknown}
 I - a potion of berserk rage {unknown}
 J - a potion of mutation {unknown}


   Skills:
 + Level 9.9 Fighting
 + Level 5.8 Short Blades
 + Level 5.8 Long Blades
 + Level 8.8 Axes
 + Level 5.8 Maces & Flails
 + Level 5.8 Polearms
 + Level 5.8 Staves
 + Level 5.8 Ranged Weapons
 + Level 5.8 Throwing
 + Level 7.4 Armour
 + Level 7.4 Dodging
 + Level 5.8 Stealth
 + Level 5.8 Shields
 + Level 5.8 Unarmed Combat
 + Level 5.8 Spellcasting
 + Level 4.8 Conjurations
 + Level 4.8 Hexes
 + Level 4.8 Summonings
 + Level 4.8 Necromancy
 + Level 4.8 Translocations
 + Level 4.8 Transmutations
 + Level 4.8 Fire Magic
 + Level 4.8 Ice Magic
 + Level 4.8 Air Magic
 + Level 4.8 Earth Magic
 + Level 4.8 Poison Magic
 + Level 6.3 Invocations
 + Level 5.8 Evocations


You had 20 spell levels left.
You didn't know any spells.
Your spell library was empty.

Dungeon Overview and Level Annotations

Branches:
Dungeon (9/15)
 Temple: D:4-7         Lair: D:8-11         Orc: D:9-12

Altars:
Ashenzari
Dithmenos
Hepliaklqana
Makhleb
Sif Muna
Trog
Uskayaw
The Shining One

Shops:
D:6 *   D:7 *


Innate Abilities, Weirdness & Mutations

You have very sharp teeth.
Your uncanny sense of smell can sniff out nearby items.
Your experience applies equally to all skills.


Message History

You see here a +0 ring mail.
Cleave: K) +7 war axe "Ridouf" {drain, Fly rCorr}
Press: ? - help, Dir - move target, f - you
Okay, then.
The kobold demonologist shouts!
The kobold demonologist mumbles some strange words.
The kobold demonologist hits you but does no damage.
Your skin crawls.
You feel strong-willed. The sun demon closely misses you.
The kobold demonologist closely misses you.
You slash the kobold demonologist! You drain the kobold demonologist.
The kobold demonologist is heavily wounded.
You closely miss the sun demon.
The sun demon hits you but does no damage.
The kobold demonologist closely misses you.
The sun demon barely misses you.
You hit the kobold demonologist but do no damage.
You drain the kobold demonologist.
The kobold demonologist is heavily wounded.
You barely miss the sun demon. The sun demon hits you!
You are engulfed in flames!
The kobold demonologist barely misses you.
You barely miss the kobold demonologist.
The kobold demonologist is heavily wounded.
You hit the sun demon. The sun demon barely misses you.
The kobold demonologist casts a cantrip, but nothing happens.
You hit the kobold demonologist.
You bite the kobold demonologist, but do no damage.
The kobold demonologist is heavily wounded.
You hit the sun demon. The sun demon hits you!
You are engulfed in flames!
The kobold demonologist mumbles some strange words.
The sun demon hits you!
You are engulfed in flames!
* * * LOW HITPOINT WARNING * * *
You feel better.
The kobold demonologist hits you but does no damage.
The sun demon hits you!
* * * LOW HITPOINT WARNING * * *
You are engulfed in flames!!
You die...

..+.# ##54##
.....##..##
........############
..+......##........# #
#####.?##......... ###
##...........# ###..
##.$.5......# ###....
#
##5.K3....#####......
##
#...@....###.........
.##
#....................
..#
#...........#........
..#
##.........##.........
..#
#..######.###.........
.## ##.# .##..........
.## ##.# ##..........
†.# ##..# ##..)......
..### #.[.# ##.<......


You could see a sun demon (summoned), a kobold demonologist (drained), an iron
imp (summoned) and a white imp (summoned).

Vanquished Creatures
  A kobold demonologist (D:8)
  Grinder (D:6)
  Prince Ribbit (D:5)
  2 steam dragons
  9 yaks (D:8)
  Menkaure (D:6)
  4 water moccasins
  2 ice beasts
  5 centaurs
  2 ogres
  A phantom (D:7)
  2 kobold brigands (D:8)
  A gnoll sergeant (D:8)
  3 necrophages
  3 scorpions
  3 bullfrogs
  10 wights
  3 howler monkeys (D:8)
  3 hounds
  A gnoll bouda (D:4)
  A jelly (D:7)
  An orc priest (D:5)
  6 iguanas
  3 orc wizards (D:8)
  Robin (D:2)
  15 gnolls
  2 adders (D:3)
  2 ufetubi
  2 dart slugs
  19 orcs
  5 ball pythons
  4 endoplasms
  5 giant cockroaches
  11 goblins
  8 hobgoblins
  A jackal (D:3)
  8 quokkas
  9 bats
  3 frilled lizards
  18 kobolds
  4 rats
186 creatures vanquished.

Vanquished Creatures (others)
  A goblin (D:1)
  A plant (D:7)
2 creatures vanquished.

Grand Total: 188 creatures vanquished

Notes
Turn   | Place    | Note
-------+----------+-------------------------------------------
     0 | D:1      | ndz the Gnoll Berserker began the quest for the Orb.
     0 | D:1      | Reached XP level 1. HP: 23/23 MP: 1/1
   215 | D:1      | Reached XP level 2. HP: 27/29 MP: 2/2
   434 | D:1      | Reached ** piety under Trog
   675 | D:1      | Reached XP level 3. HP: 35/35 MP: 3/3
  1276 | D:2      | Reached skill level 1 in Invocations
  1295 | D:2      | Noticed Robin
  2096 | D:2      | Reached skill level 1 in Short Blades
  2096 | D:2      | Reached skill level 1 in Long Blades
  2096 | D:2      | Reached skill level 1 in Maces & Flails
  2096 | D:2      | Reached skill level 1 in Polearms
  2096 | D:2      | Reached skill level 1 in Staves
  2096 | D:2      | Reached skill level 1 in Ranged Weapons
  2096 | D:2      | Reached skill level 1 in Throwing
  2096 | D:2      | Reached skill level 1 in Stealth
  2096 | D:2      | Reached skill level 1 in Shields
  2096 | D:2      | Reached skill level 1 in Unarmed Combat
  2096 | D:2      | Reached skill level 1 in Spellcasting
  2096 | D:2      | Reached skill level 1 in Evocations
  2103 | D:2      | Killed Robin
  2205 | D:2      | Reached XP level 4. HP: 23/41 MP: 5/5
  2990 | D:2      | Reached skill level 1 in Conjurations
  2990 | D:2      | Reached skill level 1 in Hexes
  2990 | D:2      | Reached skill level 1 in Summonings
  2990 | D:2      | Reached skill level 1 in Necromancy
  2990 | D:2      | Reached skill level 1 in Translocations
  2990 | D:2      | Reached skill level 1 in Transmutations
  2990 | D:2      | Reached skill level 1 in Fire Magic
  2990 | D:2      | Reached skill level 1 in Ice Magic
  2990 | D:2      | Reached skill level 1 in Air Magic
  2990 | D:2      | Reached skill level 1 in Earth Magic
  2990 | D:2      | Reached skill level 1 in Poison Magic
  3025 | D:2      | Reached XP level 5. HP: 28/47 MP: 5/7
  3548 | D:3      | Found a faded altar of an unknown god.
  4251 | D:3      | Identified a scroll of acquirement
  4382 | D:4      | Reached XP level 6. HP: 47/53 MP: 8/8
  4476 | D:4      | Reached skill level 5 in Armour
  4476 | D:4      | Reached skill level 5 in Dodging
  5058 | D:5      | Entered Level 5 of the Dungeon
  5356 | D:5      | Noticed Prince Ribbit
  5386 | D:5      | Killed Prince Ribbit
  5387 | D:5      | Reached skill level 7 in Fighting
  5387 | D:5      | Reached XP level 7. HP: 51/60 MP: 10/10
  5680 | D:5      | Reached XP level 8. HP: 33/67 MP: 12/12
  5910 | D:5      | Found a faded altar of an unknown god.
  5910 | D:5      | Found a faded altar of an unknown god.
  5912 | D:5      | Found a hazy altar of Hepliaklqana.
  6201 | D:5      | Found a burning altar of Makhleb.
  6201 | D:5      | Found a hide-covered altar of Uskayaw.
  6211 | D:5      | Found a shimmering blue altar of Sif Muna.
  6216 | D:5      | Found a bloodstained altar of Trog.
  6218 | D:5      | Found a broken altar of Ashenzari.
  6224 | D:5      | Found a shadowy altar of Dithmenos.
  6363 | D:6      | Noticed Grinder
  6378 | D:6      | Killed Grinder
  6749 | D:6      | Found Udialal's General Store.
  6758 | D:6      | Bought a +0 ring mail of cold resistance for 165 gold
                  | pieces
  6889 | D:6      | Identified the +7 war axe "Ridouf" {drain, Fly rCorr}
  7274 | D:7      | Reached *** piety under Trog
  7275 | D:7      | Reached XP level 9. HP: 50/74 MP: 14/14
  7275 | D:7      | Noticed a kobold demonologist
  7296 | D:6      | Noticed Menkaure
  7450 | D:6      | Reached skill level 8 in Fighting
  7451 | D:6      | Killed Menkaure
  8274 | D:8      | Reached skill level 5 in Invocations
  8458 | D:8      | Reached skill level 5 in Short Blades
  8458 | D:8      | Reached skill level 5 in Long Blades
  8458 | D:8      | Reached skill level 5 in Maces & Flails
  8458 | D:8      | Reached skill level 5 in Polearms
  8458 | D:8      | Reached skill level 5 in Staves
  8458 | D:8      | Reached skill level 5 in Ranged Weapons
  8458 | D:8      | Reached skill level 5 in Throwing
  8458 | D:8      | Reached skill level 5 in Stealth
  8458 | D:8      | Reached skill level 5 in Shields
  8458 | D:8      | Reached skill level 5 in Unarmed Combat
  8458 | D:8      | Reached skill level 5 in Spellcasting
  8458 | D:8      | Reached skill level 5 in Evocations
  8458 | D:8      | Reached XP level 10. HP: 78/82 MP: 17/17
  8461 | D:8      | Reached skill level 9 in Fighting
  9233 | D:8      | Noticed a kobold demonologist
  9340 | D:8      | Killed a kobold demonologist
 10191 | D:7      | Found Arrot's General Store.
 10480 | D:7      | Bought a scroll of enchant weapon for 90 gold pieces
 10480 | D:7      | Bought a scroll of identify for 24 gold pieces
 10480 | D:7      | Bought a scroll of teleportation for 36 gold pieces
 10825 | D:7      | Found a glowing golden altar of the Shining One.
 10860 | D:7      | Noticed a sun demon
 10868 | D:7      | Slain by a sun demon

Illustrated notes

Levels and vault maps discovered:
D:1:      heliophobic_arrival_enchanted_forest, layout_loops_ring,
          minmay_tetromino_i4
D:2:      minmay_door_path, layout_basic, uniq_robin
D:3:      minmay_skewed_foursquare, layout_basic, ebering_ecumenical_altar_mist,
          serial_forest, infiniplex_forest_corner_1, infiniplex_forest_lined_2,
          infiniplex_forest_end_2, infiniplex_forest_corner_1,
          infiniplex_forest_end_3, infiniplex_forest_end_3
D:4:      layout_rooms
D:5:      layout_cave_pools, nicolae_hepliaklqana_ecumenical_no_more,
          nicolae_overflow_hallway_of_the_gods, eino_curves_04,
          uniq_prince_ribbit1
D:6:      layout_basic, serial_shops, nicolae_shop_hallway_plus,
          minmay_manual_mares, uniq_menkaure, uniq_grinder
D:7:      layout_cave_pods, general_overflow_altar, tso_oasis_becter,
          minmay_temple_entry_fiery, serial_shops, nicolae_shop_crystal,
          minmay_misc_feat_x, uniq_crazy_yiuf_cottage
D:8:      minmay_chambers_of_fours, layout_basic
D:9:      layout_loops_ring, minmay_lair_entry_grove, gammafunk_ghost_cemetery,
          hangedman_abyss_or_decor_stagger

Skill      XL: |  1  2  3  4  5  6  7  8  9 10 |
---------------+-------------------------------+-----
Invocations    | 1 2 3 4 5 6 |  6.3
Short Blades   | 1 2 3 5 |  5.8
Long Blades    | 1 2 3 5 |  5.8
Maces & Flails | 1 2 3 5 |  5.8
Polearms       | 1 2 3 5 |  5.8
Staves         | 1 2 3 5 |  5.8
Ranged Weapons | 1 2 3 5 |  5.8
Throwing       | 1 2 3 5 |  5.8
Stealth        | 1 2 3 5 |  5.8
Shields        | 1 2 3 5 |  5.8
Unarmed Combat | 1 2 3 5 |  5.8
Spellcasting   | 1 2 3 5 |  5.8
Evocations     | 1 2 3 5 |  5.8
Conjurations   | 1 2 3 4 |  4.8
Hexes          | 1 2 3 4 |  4.8
Summonings     | 1 2 3 4 |  4.8
Necromancy     | 1 2 3 4 |  4.8
Translocations | 1 2 3 4 |  4.8
Transmutations | 1 2 3 4 |  4.8
Fire Magic     | 1 2 3 4 |  4.8
Ice Magic      | 1 2 3 4 |  4.8
Air Magic      | 1 2 3 4 |  4.8
Earth Magic    | 1 2 3 4 |  4.8
Poison Magic   | 1 2 3 4 |  4.8
Armour         | 5 6 7 |  7.4
Dodging        | 5 6 7 |  7.4
Fighting       | 7 8 9 |  9.9
Axes           | 7 8 |  8.8

Action                   |  1- 3 |  4- 6 |  7- 9 | 10-12 || total
-------------------------+-------+-------+-------+-------++-------
Melee: Hand axe          |    16 |    48 |       |       ||    64
       Rapier            |   108 |   144 |       |       ||   252
       Bite              |    12 |    21 |    16 |    11 ||    60
       Punch             |     1 |     7 |     5 |     5 ||    18
       War axe           |       |    31 |   187 |   113 ||   331
Throw: Stone             |       |     6 |     5 |       ||    11
Invok: Berserk           |     1 |     2 |     2 |       ||     5
       Trog's Hand       |       |     4 |     4 |     3 ||    11
  Use: Potion            |     1 |     1 |     2 |     3 ||     7
       Scroll            |       |     2 |     1 |     3 ||     6
 Stab: Sleeping          |     1 |       |       |     1 ||     2
Armor: Animal skin       |    24 |       |       |       ||    24
       Scale mail        |    34 |   146 |    50 |    21 ||   251
       Ring mail         |       |       |    31 |    21 ||    52
Dodge: Dodged            |   110 |   200 |   157 |    92 ||   559
